 Dungeon Crawl Stone Soup version 0.24-a0-479-g9a978d2894 (webtiles) character file.

Game seed: 18107844895849449120

328 sentinel the Skirmisher (level 6, -1/51 HPs)
             Began as a Mummy Chaos Knight on July 7, 2019.
             Was a Plaything of Xom.
             Slain by a sixfirhy (14 damage)
             ... summoned by Xom
             ... on level 4 of the Dungeon.
             The game lasted 00:11:37 (4438 turns).

sentinel the Skirmisher (Mummy Chaos Knight)        Turns: 4438, Time: 00:11:38

Health: -1/51      AC:  0    Str: 15    XL:     6   Next: 25%
Magic:  6/6        EV:  8    Int: 14    God:    Xom [......]
Gold:   156        SH:  7    Dex: 11    Spells: 4/5 levels left

rFire    x . .     SeeInvis .   b - +0 hunting sling
rCold    + . .     Gourm    .   s - +0 shield
rNeg     + + +     Faith    .   v - +2 leather armour
rPois    ∞         Spirit   .   (no helmet)
rElec    .         Reflect  .   p - +0 cloak
rCorr    .         Harm     .   l - +0 pair of gloves
MR       .....                  (no boots)
Stlth    ++........             (no amulet)
HPRegen  0.17/turn              (no ring)
MPRegen  0.10/turn              (no ring)

@: about to teleport, corroded
A: no food or potions, fire vulnerability, cold resistance 1, negative energy
resistance 3, torment resistance, unbreathing
a: Renounce Religion


You were on level 4 of the Dungeon.
You worshipped Xom.
You were a very special plaything of Xom.
You were not hungry.

You visited 1 branch of the dungeon, and saw 4 of its levels.
You also visited: Sewer.

You collected 156 gold pieces.

Inventory:

Hand Weapons
 a - a +0 short sword of chaos
 b - a +0 hunting sling (weapon)
 j - a +1 mace of protection
 k - a +0 spear
 n - a +2 vampiric dagger
Missiles
 f - 72 sling bullets
 g - 15 poisoned darts
 i - 71 stones (quivered)
 q - 21 bolts
 r - 6 boomerangs
Armour
 l - a +0 pair of gloves (worn)
 p - a +0 cloak (worn)
 s - a +0 shield (worn)
 v - a +2 leather armour (worn)
Scrolls
 c - a scroll of enchant weapon
 d - a scroll of fog
 e - 3 scrolls of teleportation
 m - a scroll of remove curse {unknown}
 o - a scroll of enchant armour {unknown}
 t - a scroll of blinking {unknown}


   Skills:
 - Level 5.4 Fighting
 - Level 2.4 Short Blades
 - Level 1.4 Slings
 - Level 1.5 Armour
 - Level 0.7 Dodging
 - Level 2.6 Stealth
 * Level 0.2 Shields
 * Level 1.5 Summonings


You had 4 spell levels left.
You knew the following spells:

 Your Spells              Type           Power        Failure   Level  Hunger
a - Summon Small Mammal   Summ           #...         78%         1    N/A

Your spell library contained the following spells:

 Spells                   Type           Power        Failure   Level  Hunger
 Call Imp                 Summ           #.......     89%         2    N/A
 Call Canine Familiar     Summ           #.......     98%         3    N/A
 Summon Guardian Golem    Hex/Summ       #.......     99%         3    N/A
 Summon Ice Beast         Ice/Summ       #.......     100%        4    N/A
 Summon Lightning Spire   Summ/Air       #.......     100%        4    N/A

Dungeon Overview and Level Annotations

Branches:
Dungeon (4/15)
 Temple: D:4-7

Altars:
Nemelex Xobeh
Yredelemnul

Shops:
D:4 *


Innate Abilities, Weirdness & Mutations

You do not eat or drink.
Your flesh is vulnerable to fire.
You are immune to poison.
Your flesh is cold resistant. (rC+)
You are immune to negative energy. (rN+++)
You are immune to unholy pain and torment.
You can survive without breathing.


Message History

The rust devil corrodes you!
Firing (i - inventory. (/) - cycle)
i - 72 stones (quivered)
Aim: a rust devil (summoned)
You shoot a stone. The stone barely misses the rust devil.
The stone closely misses the iron imp.
The rust devil hits you. The rust devil corrodes you!
Unknown command.
As you read the scroll of teleportation, it crumbles to dust.
You feel strangely unstable. The sixfirhy hits you. The sixfirhy shocks you!
You block the sixfirhy's attack. The rust devil hits you.
The rust devil corrodes you! You block the sixfirhy's attack.
You are too injured to fight recklessly!
You can't drink.
Unknown command.
As you read the scroll labeled GAYCEWKIGOY, it crumbles to dust.
You feel aware of your surroundings.
It was a scroll of magic mapping.
The sixfirhy hits you. The sixfirhy shocks you!
* * * LOW HITPOINT WARNING * * *
You block the sixfirhy's attack. The sixfirhy hits you!
You die...

......###### #..#.#,,,...# #.#
....### #..#.#,#*##.* #.#
....#******###..#.#.# *,* #.#
#....,,,,,,,......#(# *,* #.#
#..###****####..#...# *,* #.#
.....######.....(...# *,* #.#
...#.#......##.#5...# *,* #.#
.....#.#######.#4####***.######.#
#.#....#,,,,,..#@#,,,,,,........#
...#.###,***####3#,*,,,,.........
#......#,* #h#,*,***.####...#
#.##.#.#,* #.#,*,* *,* #####
...#.#.#,* #<#,*,* *,* #
####.#.#,******#.#,*,* *,* #
.....#..,,,,,,,.(#,*,* *,* #
########,*,,***###,*,* *,*
*,*,,******,*,* *,*


You could see a rust devil, a sixfirhy, a hound and an iron imp.

Vanquished Creatures
  A big kobold (Sewer)
  A centaur skeleton (D:4)
  A hound (D:4)
  Natasha (D:3)
  A worker ant (D:4)
  A gnoll (D:2)
  4 adders
  A river rat (D:1)
  An ooze (D:3)
  A worm (D:2)
  An adder skeleton (D:4)
  3 dart slugs
  A leopard gecko (D:3)
  5 orcs
  9 bats
  6 giant cockroaches
  4 goblins
  2 hobgoblins (D:1)
  10 jackals
  A ball python (D:1)
  7 frilled lizards
  A jackal skeleton (D:4)
  10 kobolds
  12 rats
  A spectral orc (D:3)
86 creatures vanquished.

Notes
Turn   | Place    | Note
-------+----------+-------------------------------------------
     0 | D:1      | sentinel the Mummy Chaos Knight began the quest for the
                  | Orb.
     0 | D:1      | Reached XP level 1. HP: 18/18 MP: 1/1
   124 | D:1      | XOM: smoke on damage
   126 | D:1      | Reached skill level 1 in Stealth
   126 | D:1      | Reached XP level 2. HP: 11/24 MP: 2/2
   275 | D:1      | XOM: divination: magic mapping
   689 | D:1      | XOM: divination: detect items
   724 | D:1      | Reached XP level 3. HP: 29/29 MP: 3/3
  1209 | D:2      | XOM: butterfly on damage
  1211 | D:2      | XOM: divination: magic mapping
  1212 | D:2      | XOM: smoke on damage
  1445 | D:2      | Found a sparkling altar of Nemelex Xobeh.
  1460 | D:2      | XOM: cloud trail
  1669 | D:2      | XOM: harmless Tloc miscast
  1681 | D:2      | XOM: silly message
  1692 | D:2      | Reached XP level 4. HP: 37/37 MP: 4/4
  2036 | D:2      | XOM: potion effect (might)
  2044 | D:2      | Reached skill level 4 in Fighting
  2096 | D:2      | XOM is BORED!
  2096 | D:2      | XOM: silly message
  2326 | D:3      | Found a glowing drain.
  2351 | Sewer    | Entered a sewer
  2443 | Sewer    | Noticed a big kobold
  2476 | Sewer    | Killed a big kobold
  2476 | Sewer    | Reached skill level 5 in Fighting
  2476 | Sewer    | Reached XP level 5. HP: 39/44 MP: 5/5
  2593 | Sewer    | Found a glowing silver altar of Zin.
  2650 | Sewer    | XOM: summons 2 hostile demons
  2830 | D:3      | Learned a level 1 spell: Summon Small Mammal
  3050 | D:3      | XOM is BORED!
  3263 | D:3      | XOM: harmless Hex miscast
  3277 | D:3      | Noticed Natasha
  3281 | D:3      | XOM: confusion
  3287 | D:3      | Killed Natasha
  3417 | D:3      | Found a basalt altar of Yredelemnul.
  3674 | D:3      | XOM: summons 2 hostile shadow creatures
  3769 | D:4      | Reached skill level 1 in Slings
  3769 | D:4      | Reached skill level 1 in Summonings
  3772 | D:4      | XOM: chaos cloud
  3932 | D:3      | XOM: summons 3 hostile shadow creatures
  4087 | D:4      | Reached XP level 6. HP: 45/51 MP: 6/6
  4168 | D:4      | Found Corumuase's Mass Market.
  4341 | D:4      | XOM: mild Necr miscast
  4434 | D:4      | XOM: summons 3 hostile demons
  4435 | D:4      | Noticed a sixfirhy
  4435 | D:4      | Noticed a rust devil
  4438 | D:4      | Slain by a sixfirhy

Levels and vault maps discovered:
D:1:      roderic_octagonal_star, layout_basic, hangedman_decor_growths
D:2:      layout_basic, nemelex_xobeh_ov_fountains_minmay
D:3:      layout_basic, yredelemnul_forgotten_temple_becter,
          gup_sewer_entry_glass, uniq_natasha
D:4:      layout_basic, minmay_shop_mass, kennysheep_generic_room_11

Skill      XL: |  1  2  3  4  5 |
---------------+----------------+-----
Stealth        | 1 2 |  2.6
Fighting       | 5 |  5.4
Slings         | 1 |  1.4
Summonings     | 1 |  1.5
Short Blades   | |  2.4
Armour         | |  1.5
Dodging        | |  0.7
Shields        | |  0.2

Action                   |  1- 3 |  4- 6 || total
-------------------------+-------+-------++-------
Melee: Short sword       |    61 |    83 ||   144
       Dagger            |    26 |    28 ||    54
 Fire: Hunting sling     |    43 |   112 ||   155
  Use: Scroll            |     1 |     4 ||     5
 Stab: Sleeping          |     2 |     2 ||     4
Armor: Leather armour    |    31 |    53 ||    84
Dodge: Dodged            |    63 |    74 ||   137
Block: Shield            |       |    20 ||    20

Table legend:
 A = Non-vault XP
 B = Vault XP
 C = Vault XP percentage of total XP
 D = Non-vault monster count
 E = Vault monster count
 F = Vault count percentage of total count
                 A         B        C        D         E       F
            +---------+---------+-------+---------+---------+-------
      Total |     319 |     150 |  32.0 |      71 |      15 |  17.4
            +---------+---------+-------+---------+---------+-------
        D:1 |      59 |       0 |   0.0 |      29 |       0 |   0.0
        D:2 |      61 |       0 |   0.0 |      17 |       0 |   0.0
        D:3 |      36 |      40 |  52.6 |      11 |       4 |  26.7
        D:4 |     163 |       0 |   0.0 |      14 |       0 |   0.0
      Sewer |       0 |     110 | 100.0 |       0 |      11 | 100.0
            +---------+---------+-------+---------+---------+-------
